 Dungeon Crawl Stone Soup version 0.24.0-28-g17ded55e90 (webtiles) character file.

Game seed: 4360437337265619482, levelgen mode: deterministic

74 Debik the Covered (level 4, -14/40 HPs)
             Began as a Minotaur Fighter on Nov 12, 2019.
             Killed by divine providence
             ... invoked by an orc priest
              (15 damage)
             ... on level 3 of the Dungeon.
             The game lasted 00:04:15 (1114 turns).

Debik the Covered (Minotaur Fighter)                Turns: 1114, Time: 00:04:16

Health: -14/40     AC: 11    Str: 26    XL:     4   Next: 9%
Magic:  3/3        EV:  5    Int:  5    God:
Gold:   135        SH: 10    Dex: 10    Spells: 3/3 levels left

rFire    . . .     SeeInvis .   a - +0 war axe
rCold    . . .     Gourm    .   c - +0 shield
rNeg     . . .     Faith    .   n - +0 plate armour
rPois    .         Spirit   .   (helmet restricted)
rElec    .         Reflect  .   (no cloak)
rCorr    .         Harm     .   (no gloves)
MR       .....                  (no boots)
Stlth    ..........             (no amulet)
HPRegen  0.13/turn              (no ring)
MPRegen  0.08/turn              (no ring)

@: mighty, flying
A: retaliatory headbutt, horns 2
a: no special abilities


You were on level 3 of the Dungeon.
You were hungry.

You visited 1 branch of the dungeon, and saw 3 of its levels.

You collected 135 gold pieces.

Inventory:

Hand Weapons
 a - a +0 war axe (weapon)
Armour
 b - a +0 scale mail
 c - a +0 shield (worn)
 n - a +0 plate armour (worn)
Jewellery
 j - an uncursed ring of fire
Scrolls
 e - a scroll of magic mapping {unknown}
 g - a scroll of blinking {unknown}
 h - 2 scrolls of identify {unknown}
 k - a scroll of immolation {unknown}
 l - a scroll of teleportation {unknown}
 m - a scroll of enchant armour {unknown}
Potions
 d - a potion of might
Comestibles
 f - 10 rations


   Skills:
 * Level 4.1 Fighting
 * Level 3.9 Axes
 + Level 4.1 Armour
 + Level 0.3 Dodging
 + Level 4.1 Shields


You had 3 spell levels left.
You didn't know any spells.
Your spell library was empty.

Dungeon Overview and Level Annotations

Branches:
Dungeon (3/15)

Altars:
The Shining One


Innate Abilities, Weirdness & Mutations

You reflexively headbutt those who attack you in melee.
You have a pair of horns on your head.


Message History

You slash the orc!
You kill the orc!
The orc priest looks braver for a moment.
The adder bites you but does no damage.
Your plate armour prevents you from hitting the adder.
Your headbutt misses the adder.
The orc priest mumbles some strange prayers to Beogh against you.
Beogh smites you!
* * * LOW HITPOINT WARNING * * *
The adder bites you but does no damage.
The rat twitches its whiskers.
It was a potion of flight.
You feel very buoyant.
You fly up into the air.
The adder barely misses you.
A kobold comes into view.
You block the adder's attack.
Unknown command.
The orc priest invokes the aid of Beogh against you.
Beogh smites you!
You die... ... .. #K# #. #.###. #.... l... #oo

#r# #S# #@#
##.## #...#
#.(<# #...#
#...# #.†.#
#.†>#
#....[.........


You could see an orc priest, an orc wizard, an adder, a leopard gecko, a kobold
and a rat.

Vanquished Creatures
  2 adders (D:2)
  An ooze (D:2)
  3 dart slugs
  2 leopard geckos (D:2)
  2 orcs (D:3)
  3 bats
  4 goblins
  5 hobgoblins
  3 jackals (D:3)
  3 kobolds
  A quokka (D:3)
  2 ball pythons
  3 frilled lizards
  7 rats
41 creatures vanquished.

Notes
Turn   | Place    | Note
-------+----------+-------------------------------------------
     0 | D:1      | Debik the Minotaur Fighter began the quest for the Orb.
     0 | D:1      | Reached XP level 1. HP: 19/19 MP: 0/0
    30 | D:1      | You fall into a shaft and drop 1 floor!
    49 | D:1      | Reached XP level 2. HP: 21/27 MP: 1/1
   533 | D:2      | Reached XP level 3. HP: 33/33 MP: 2/2
   539 | D:2      | Found a glowing golden altar of the Shining One.
  1090 | D:3      | Reached XP level 4. HP: 32/40 MP: 3/3
  1112 | D:3      | HP: 1/40 [orc priest/divine providence (13)]
  1114 | D:3      | Killed from afar by an orc priest

Levels and vault maps discovered:
D:1:      minmay_arrival_three_doors, layout_basic
D:2:      layout_loops_ring, tso_metal_star
D:3:      layout_loops_cross, uniq_natasha, uniq_sigmund

Skill      XL: |  1  2  3 |
---------------+----------+-----
Armour         | 4 |  4.1
Fighting       | 4 |  4.1
Shields        | 4 |  4.1
Axes           | 3 |  3.9
Dodging        | |  0.3

Action                   |  1- 3 |  4- 6 || total
-------------------------+-------+-------++-------
Melee: War axe           |    88 |     7 ||    95
       Headbutt          |     7 |     1 ||     8
  Use: Potion            |       |     2 ||     2
Armor: Scale mail        |    36 |       ||    36
       Plate armour      |    29 |     7 ||    36
Dodge: Dodged            |    16 |     2 ||    18
Block: Shield            |    48 |     5 ||    53
